cohdb
Replays
Latest Replays
All Replays
Popular Replays
Top Player Replays
Match Explorer
How It Works
Community
CoH3 Stats
Reddit
Sign in to upload your games and track your stats! →
Sign in with Steam
Match 46976701
Unlisted
Match 46976701
Overview
Messages
Build Orders
End
Construct Barracks
Riflemen Squad
Selects Heavy Weapons
Riflemen Squad
Grenade Package
Construct Weapon Support Center
M1919 Machine Gun Team
Selects M2HB .50cal Heavy Machine Gun
Selects Gallant Stand
Bazooka Squad
Air Support Center
Gallant Stand
Bazooka Squad
M3 Armored Personnel Carrier
Selects Assault Carriers
Grasshopper Recon Run
Improved M9 Bazooka Rockets
M1919 Machine Gun Team
P-47 Strafing Run
Gallant Stand
M3 Assault Carrier
Selects Halftrack Strongpoints
Halftrack Strongpoints
M1919 Machine Gun Team
Grasshopper Recon Run
Double Sortie
Selects Bolstered Team Weapons
Bazooka Squad
Gallant Stand
Grasshopper Recon Run
Engineer Squad
P-47 Dive Bomb
Air Supply
1⁄4-ton 4x4 Truck
Grasshopper Recon Run
Construct Medical Station
P-47 Strafing Run
Gallant Stand
M3 Assault Carrier
M3 Assault Carrier
Grasshopper Recon Run
M1919 Machine Gun Team
Improved Aircraft Armor
P-47 Strafing Run
P-47 Dive Bomb
Gallant Stand
Bazooka Squad
P-47 Dive Bomb
P-47 Strafing Run
M3 Assault Carrier
Grasshopper Recon Run
P-47 Dive Bomb
P-47 Strafing Run
Selects M26 Pershing Heavy Tank
Gallant Stand
Grasshopper Recon Run
M26 Pershing Heavy Tank
P-47 Dive Bomb
P-47 Strafing Run
Boneless
drinu019
Daeakdang
Jang
0
0
Comments
sign in to comment!
No comments posted yet!